 Dungeon Crawl Stone Soup version 0.32-a0-859-gb0a091d592 (webtiles) character file.

Game seed: 13168374071416450696

24 camel the Shield-Bearer (level 2, 0/29 HPs)
             Began as a Troll Fighter on Mar 27, 2024.
             Slain by Jessica
             ... wielding a +1 dagger of venom
              (4 damage)
             ... on level 2 of the Dungeon.
             The game lasted 00:13:57 (1442 turns).

camel the Shield-Bearer (Troll Fighter)             Turns: 1442, Time: 00:13:58

Health: 0/29       AC:  4    Str: 23    XL:     2   Next: 79%
Magic:  1/1        EV:  8    Int:  4    God:
Gold:   39         SH:  7    Dex:  9    Spells: 1/1 levels left

rFire   . . .        f - +0 short sword
rCold   . . .        b - +0 kite shield
rNeg    . . .        a - +0 robe
rPois   .            (helmet restricted)
rElec   .            (no cloak)
rCorr   +            (gloves unavailable)
SInv    .            (boots unavailable)
Will    .....        (no amulet)
Stlth   +            g - ring of wizardry
HPRegen 1.04/turn    i - ring of resist corrosion
MPRegen 0.07/turn

%: wizardry (x1)
@: lethally poisoned (0 -> -2)
A: large, unfitting armour, claws 3, regeneration 1, shaggy fur 1, tough skin 1
a: no special abilities


You were on level 2 of the Dungeon.
You visited 1 branch of the dungeon, and saw 2 of its levels.

You collected 39 gold pieces.

Inventory:

Hand Weapons
 f - a +0 short sword (weapon)
Armour
 a - a +0 robe (worn)
 b - a +0 kite shield (worn)
 j - a +0 chain mail
Jewellery
 g - a ring of wizardry (left claw)
 i - a ring of resist corrosion (right claw)
Scrolls
 k - a scroll of enchant weapon
Potions
 c - a potion of might
 d - 4 potions of curing
 h - 3 potions of attraction {unknown}


   Skills:
 + Level 2.6 Fighting
 + Level 0.3 Short Blades
 + Level 2.8 Dodging
 + Level 3.0 Shields
 + Level 2.0 Unarmed Combat


You had one spell level left.
You didn't know any spells.
Your spell library was empty.

Dungeon Overview and Level Annotations

Branches:
Dungeon (2/15)

Altars:

Annotations:
D:2 Jessica


Innate Abilities, Weirdness & Mutations

You are too large for most types of armour.
You have claws for hands.
Your natural rate of healing is unusually fast.
You are covered in fur. (AC +1)
You have tough skin. (AC +1)


Message History

t - Shout!
Orders for allies: a - Attack new target. r - Retreat! s - Stop attacking. g - Guard the area. f - Follow me.
Anything else - Cancel.
Stop fighting!
You barely miss Jessica.
Jessica hits you with a +1 dagger of venom.
You are poisoned.
You hit Jessica but do no damage.
You feel very sick.
Jessica hits you with a +1 dagger of venom.
You are more poisoned.
You hit Jessica.
Jessica is heavily wounded.
You feel very sick. You block Jessica's attack.
You hit Jessica but do no damage.
Jessica is heavily wounded.
You feel very sick.
Jessica hits you with a +1 dagger of venom.
You completely miss Jessica.
Jessica is heavily wounded.
* * * LOW HITPOINT WARNING * * *
You feel very sick. You block Jessica's attack.
You feel sick.
Jessica casts a spell.
Jessica seems to speed up.
What are your orders? t - Shout!
Orders for allies: a - Attack new target. r - Retreat! s - Stop attacking. g - Guard the area. f - Follow me.
Anything else - Cancel.
You shout for attention!
You feel sick.
You hear a loud squeak.
Jessica hits you with a +1 dagger of venom.
You die...

#.#...# ...#.####
#......####
#.###.<..#
#####......#.#
#.......#..# ..
#.......##># #.#
#.......##.# #
#######@......##.#
........@.....##.#
.................#
.......)......##.#
...............
...............
........######.
#########


You could see Jessica (fast).

Vanquished Creatures
  3 dart slugs (D:1)
  3 bats (D:1)
  3 endoplasms (D:1)
  2 hobgoblins (D:1)
  2 kobolds (D:1)
  2 ball pythons (D:1)
  2 frilled lizards (D:1)
  A rat (D:1)
18 creatures vanquished.

Notes
Turn   | Place    | Note
-------+----------+-------------------------------------------
     0 | D:1      | camel the Troll Fighter began the quest for the Orb.
     0 | D:1      | Reached XP level 1. HP: 22/22 MP: 0/0
     6 | D:1      | Noticed a komodo dragon
     6 | D:1      | Noticed a boulder beetle
     6 | D:1      | Noticed an anaconda
     7 | D:1      | Noticed a lindwurm
   310 | D:1      | Reached XP level 2. HP: 29/29 MP: 1/1
   370 | D:1      | Reached skill level 3 in Shields
  1431 | D:2      | Noticed Jessica
  1442 | D:2      | Slain by Jessica

Illustrated notes

Levels and vault maps discovered:
D:1:      onia_arrival_zoo_common, layout_basic, minmay_octomino_j4
D:2:      layout_basic, minivault_14, grunt_ministairs_11, uniq_natasha,
          uniq_terence, uniq_jessica

Skill      XL: |  1  2 |
---------------+-------+-----
Shields        | 3 |  3.0
Fighting       | |  2.6
Short Blades   | |  0.3
Dodging        | |  2.8
Unarmed Combat | |  2.0

Action                     || total
---------------------------++-------
  Melee: Short sword       ||    90
         Unarmed           ||     2
    Use: Scroll            ||     2
 Armour: Robe              ||    55
  Dodge: Dodged            ||    32
  Block: Kite shield       ||    33

Table legend: (Time is in decaauts)
 A = Elapsed time spent in this place.
 B = Non-inter-level travel time spent in this place.
 C = Inter-level travel time spent in this place.
 D = Time resting spent in this place.
 E = Time spent auto-exploring this place.
 F = Levels seen in this place.
 G = Mean time per level.
                   A        B        C        D        E       F      G
               +--------+--------+--------+--------+--------+-----+--------+
         Total |   1451 |   1438 |     13 |      0 |    110 |   2 |  725.5 |
       Dungeon |   1451 |   1438 |     13 |      0 |    110 |   2 |  725.5 |
               +--------+--------+--------+--------+--------+-----+--------+

Top non-repeatable levels by time:
     D:1: 1428 daAuts
     D:2: 23 daAuts
